 Dungeon Crawl Stone Soup version 0.30-a0-782-ge64f9170bb (webtiles) character file.

Game seed: 13076844552044037231

91 Anon1729 the Chopper (level 4, 0/40 HPs)
             Began as a Minotaur Monk on Feb 19, 2023.
             Slain by an orc wizard
             ... wielding a +0 dagger of pain
              (1 damage)
             ... on level 3 of the Dungeon.
             The game lasted 00:01:29 (1620 turns).

Anon1729 the Chopper (Minotaur Monk)                Turns: 1620, Time: 00:01:29

Health: 0/40       AC:  2    Str: 18    XL:     4   Next: 34%
Magic:  3/3        EV: 13    Int:  7    God:
Gold:   122        SH:  0    Dex: 12    Spells: 3/3 levels left

rFire   . . .      SeeInvis .    a - +0 hand axe
rCold   . . .      Faith    .    (no shield)
rNeg    . . .      Spirit   .    b - +0 robe
rPois   .          Reflect  .    (helmet restricted)
rElec   .          Harm     .    (no cloak)
rCorr   .          Rampage  .    (no gloves)
Will    .....      Rnd*Tele +    (no boots)
Stlth   +                        (no amulet)
HPRegen 0.26/turn                (no ring)
MPRegen 0.08/turn                (no ring)

@: confused, attractive
A: horns 2, retaliatory headbutt, sense surroundings 1, teleportitis 1
a: no special abilities


You were on level 3 of the Dungeon.
You visited 1 branch of the dungeon, and saw 3 of its levels.

You collected 122 gold pieces.

Inventory:

Hand Weapons
 a - a +0 hand axe (weapon)
Armour
 b - a +0 robe (worn)
Jewellery
 n - a ring of ice
 o - a ring of protection from fire
Scrolls
 d - a scroll of fog {unknown}
 i - 3 scrolls of enchant weapon {unknown}
 k - a scroll of identify {unknown}
 l - a scroll of silence {unknown}
 m - a scroll of enchant armour {unknown}
Potions
 c - a potion of ambrosia
 e - 3 potions of attraction
 g - a potion of lignification {unknown}
 h - a potion of berserk rage {unknown}
 j - a potion of brilliance {unknown}


   Skills:
 + Level 4.2 Fighting
 + Level 4.3 Axes
 + Level 1.8 Armour
 + Level 3.8 Dodging
 + Level 2.2 Stealth
 + Level 0.2 Invocations


You had 3 spell levels left.
You didn't know any spells.
Your spell library contained the following spells:

 Spells                   Type           Power      Damage    Failure   Level
 Sandblast                Erth           0%         2d4       43%         1
 Passwall                 Tmut/Erth      0%         N/A       56%         2
 Kindle Blastsparks       Fire/Tloc/Air  0%         2d10      80%         3
 Stone Arrow              Conj/Erth      0%         3d7       80%         3
 Fulminant Prism          Conj/Hex       0%         3d5       99%         4
 Iskenderun's Mystic Bla  Conj/Tloc      0%         2d3       99%         4
 Lee's Rapid Deconstruct  Erth           0%         3d4*      100%        5


Dungeon Overview and Level Annotations

Branches:
Dungeon (3/15)

Altars:
Zin
The Shining One


Innate Abilities, Weirdness & Mutations

You have a pair of horns on your head.
You reflexively headbutt those who attack you in melee.
You passively map a small area around you.
You are occasionally teleported next to monsters.


Message History

The orc is attracted toward you.
You barely miss the orc wizard. You hit the orc. You hit the endoplasm.
You closely miss the orc priest. The endoplasm freezes you.
You are frozen.
The orc hits you with a +0 trident. The orc wizard closely misses you.
The orc priest closely misses you.
You closely miss the orc priest.
The orc priest is moderately wounded.
You closely miss the orc wizard. You miss the orc. You hit the endoplasm.
You kill the endoplasm!
The orc closely misses you. The orc wizard casts a spell at you.
You are more confused.
The orc priest barely misses you. The orc barely misses you.
The orc wizard hits you with a +0 dagger of pain.
You writhe in agony.
You nearly stumble into some lava!
You feel less invigorated.
The orc hits you from afar with a +0 trident!
The orc wizard barely misses you. The orc priest misses you.
You hit the orc wizard.
The orc wizard is lightly wounded.
You barely miss the orc priest.
The orc hits you from afar with a +0 trident.
* * * LOW HITPOINT WARNING * * *
The orc priest hits you with a +0 hand axe!
* * * LOW HITPOINT WARNING * * *
The orc wizard barely misses you.
The orc priest attacks as you move away!
The orc priest hits you with a +0 hand axe.
* * * LOW HITPOINT WARNING * * *
The orc misses you.
It was a potion of mutation.
You feel extremely strange.
You feel weirdly uncertain.
You feel a strange attunement to the structure of the dungeons.
The orc closely misses you. The orc priest closely misses you.
The orc wizard hits you with a +0 dagger of pain.
* * * LOW HITPOINT WARNING * * *
You writhe in agony.
You die...

####.#### #....#
########.......## #.####
................###.#...
.≈⌠≈.....<..$....#..'.#
*
..≈..............#..#...
*
...............^.#.)####
.......≈o)...).........#
.......≈≈..#...#.###...#
.......@o...###..# #..#
, §§≈≈≈...o.......## ...
,, ~####≈≈......#$###
..# * ##≈$.....#.# .#
#§.....≈..# , *
#≈....≈⌠.## * *
#§.....§.# , §≈.......#
, ,


You could see an orc priest, an orc wizard and an orc.

Vanquished Creatures
  An adder (D:3)
  A worm (D:3)
  A dart slug (D:1)
  2 orcs (D:3)
  2 ball pythons
  4 bats
  4 endoplasms
  2 giant cockroaches (D:1)
  16 goblins
  7 hobgoblins
  4 jackals (D:2)
  6 kobolds
  3 quokkas
  7 frilled lizards
  5 rats (D:1)
65 creatures vanquished.

Notes
Turn   | Place    | Note
-------+----------+-------------------------------------------
     0 | D:1      | Anon1729 the Minotaur Monk began the quest for the Orb.
     0 | D:1      | Reached XP level 1. HP: 19/19 MP: 0/0
    91 | D:1      | Reached XP level 2. HP: 13/27 MP: 1/1
   330 | D:1      | Reached skill level 1 in Armour
   439 | D:1      | Reached XP level 3. HP: 33/33 MP: 2/2
   861 | D:2      | Found a glowing golden altar of the Shining One.
  1300 | D:2      | Reached XP level 4. HP: 33/40 MP: 3/3
  1437 | D:3      | Found a glowing silver altar of Zin.
  1619 | D:3      | HP: 1/40 [orc priest/+0 hand axe (4)]
  1620 | D:3      | Gained mutation: You are occasionally teleported next to
                  | monsters. [potion of mutation]
  1620 | D:3      | Gained mutation: You passively map a small area around you.
                  | [potion of mutation]
  1620 | D:3      | Slain by an orc wizard

Illustrated notes

Levels and vault maps discovered:
D:1:      lightli_arrival_quake, layout_basic, minivault_24
D:2:      cheibrodos_greedy_goblins, layout_basic, basic_altar
D:3:      layout_rooms, nicolae_vehumet_altar_sigil,
          nemelex_xobeh_ov_fountains_minmay, lemuel_crystal_altar,
          ebering_ghost_reflecting_pool, chequers_ecumenical_altar_twisty,
          kennysheep_path_1, kennysheep_decorative_pillar, roderic_filled_cross,
          minmay_crystal_room

Skill      XL: |  1  2 |
---------------+-------+-----
Armour         | 1 |  1.8
Axes           | 4 |  4.3
Stealth        | 2 |  2.2
Fighting       | 4 |  4.2
Dodging        | |  3.8
Invocations    | |  0.2

Action                     |  1- 3 |  4- 6 || total
---------------------------+-------+-------++-------
  Melee: Hand axe          |    90 |    29 ||   119
         Headbutt          |    15 |     4 ||    19
    Use: Potion            |       |     3 ||     3
   Stab: Sleeping          |     8 |     2 ||    10
 Armour: Robe              |    20 |     8 ||    28
  Dodge: Dodged            |    62 |    39 ||   101

Table legend: (Time is in decaauts)
 A = Elapsed time spent in this place.
 B = Non-inter-level travel time spent in this place.
 C = Inter-level travel time spent in this place.
 D = Time resting spent in this place.
 E = Time spent auto-exploring this place.
 F = Levels seen in this place.
 G = Mean time per level.
                   A        B        C        D        E       F      G
               +--------+--------+--------+--------+--------+-----+--------+
         Total |   1631 |   1594 |     37 |    104 |   1145 |   3 |  543.7 |
       Dungeon |   1631 |   1594 |     37 |    104 |   1145 |   3 |  543.7 |
               +--------+--------+--------+--------+--------+-----+--------+

Top non-repeatable levels by time:
     D:1: 815 daAuts
     D:2: 630 daAuts
     D:3: 185 daAuts
